 Dungeon Crawl Stone Soup version 0.29.0-4-gdea44cf6ec (webtiles) character file.

Game seed: 3276164598718657675

41 qw the Chopper (level 3, 0/21 HPs)
             Began as a Tengu Warper on Aug 28, 2022.
             Succumbed to their own poison gas
             ... on level 1 of the Dungeon.
             The game lasted 00:00:05 (1329 turns).

qw the Chopper (Tengu Warper)                       Turns: 1329, Time: 00:00:06

Health: 0/21       AC:  6    Str: 13    XL:     3   Next: 52%
Magic:  7/7        EV:  9    Int: 13    God:
Gold:   82         SH:  0    Dex: 13    Spells: 6/6 levels left

rFire   . . .      SeeInvis .   Y - +0 hand axe
rCold   . . .      Faith    .   (no shield)
rNeg    . . .      Spirit   .   l - +0 scale mail
rPois   .          Reflect  .   (helmet restricted)
rElec   .          Harm     .   (no cloak)
rCorr   .          Rampage  .   (no gloves)
Will    .....                   (boots unavailable)
Stlth   ..........              (no amulet)
HPRegen 0.07/turn               (no ring)
MPRegen 0.10/turn               (no ring)

@: lethally poisoned (0 -> -8), invisible
A: beak, talons 3
a: no special abilities


You were on level 1 of the Dungeon.
You visited 1 branch of the dungeon, and saw 1 of its levels.

You collected 82 gold pieces.


Innate Abilities, Weirdness & Mutations

You have a beak for a mouth.
You have claws for feet.


   Skills:
 - Level 2.0 Fighting
 + Level 4.2 Axes
 - Level 1.0 Throwing
 - Level 1.1 Armour
 - Level 2.1 Dodging
 - Level 2.0 Spellcasting
 - Level 2.4 Translocations


You had 6 spell levels left.
You didn't know any spells.
Your spell library contained the following spells:

 Spells                   Type           Power      Damage    Failure   Level
 Blink                    Tloc           14%        N/A       56%         2
 Gell's Gravitas          Tloc           7%         N/A       80%         3
 Lesser Beckoning         Tloc           7%         N/A       80%         3
 Teleport Other           Tloc           7%         N/A       80%         3
 Manifold Assault         Tloc           7%         N/A       100%        5

Inventory:

Hand Weapons
 n - a +1 whip of venom
 Y - a +0 hand axe (weapon)
Armour
 l - a +0 scale mail (worn)
Potions
 e - a potion of lignification {unknown}
 f - a potion of degeneration {unknown}
 i - a potion of attraction {unknown}
 m - a potion of brilliance {unknown}

Dungeon Overview and Level Annotations

Branches:
Dungeon (1/15)

Altars:


Message History

You finish taking off your +0 ring mail.
You start putting on your armour.
You continue putting on your +0 scale mail. x5
You finish putting on your +0 scale mail.
1319 ||| DROPPING +0 ring mail.
You drop a +0 ring mail.
Done exploring.
1320 ||| DROPPING +6 ring of intelligence.
You drop a +6 ring of intelligence.
Done exploring.
1321 ||| READING scroll labelled QONEOS GEFEM.
The air fills with toxic fumes!
As you read the scroll labelled QONEOS GEFEM, it crumbles to dust.
It was a scroll of poison.
Done exploring.
1322 ||| DRINKING 2 white potions.
It was a potion of invisibility.
You fade into invisibility!
Done exploring.
1323 ||| DROPPING scroll of blinking.
You drop a scroll of blinking.
Done exploring.
1324 ||| DROPPING potion of invisibility.
You drop a potion of invisibility.
Done exploring.
(D) Dungeon
Where to? (* - list waypoints, ? - help)
What level of the Dungeon? (default 1, ? - help) Sorry, I don't know how to get there.
Done exploring.
1325 ||| Stepping randomly (stuck).
Really walk into that cloud of poison gas?
You are lethally poisoned!
You feel very sick.
1326 ||| Stepping ~*~*~tactically~*~*~ (cloud).
You feel very sick.
Items here: ! = ? [[.
There is a lethal amount of poison in your body!
You feel very sick.
There is a lethal amount of poison in your body!
You feel very sick.
There is a lethal amount of poison in your body!
You die...

.# #..#
#....# ##.
.########..#
#.#### #.
...........#
#####.# #.
.########.##
#00...# #. .#
#.# #¤#####
#. ## #.# #¤#
#. # ###.#
#¤# #. #
#...# #¤# #.
# #.### #@#
#. # #.# #0#
#. # #.# #0#
#. # #.# #0#
#. # #.# #¤#
#. # #.# #0#
#. # #.# #¤#
#. # #.# #0#
#. #
#.########.##
#.


There were no monsters in sight!

Vanquished Creatures
  A gnoll (D:1)
  2 dart slugs (D:1)
  3 bats (D:1)
  3 endoplasms (D:1)
  3 goblins (D:1)
  2 hobgoblins (D:1)
  3 jackals (D:1)
  2 frilled lizards (D:1)
  3 kobolds (D:1)
  4 rats (D:1)
26 creatures vanquished.

Notes
Turn   | Place    | Note
-------+----------+-------------------------------------------
     0 | D:1      | qw the Tengu Warper began the quest for the Orb.
     0 | D:1      | Reached XP level 1. HP: 12/12 MP: 4/4
     0 | D:1      | 0 ||| qw: Version: 0.1-a-89-g26bdef1
     0 | D:1      | 0 ||| qw: Game counter: 3063
     0 | D:1      | 0 ||| qw: Always use a shield: true
     0 | D:1      | 0 ||| qw: God list: Okawaru
     0 | D:1      | 0 ||| qw: Allow faded altars: false
     0 | D:1      | 0 ||| qw: Do Orc after D:15 true
     0 | D:1      | 0 ||| qw: Do second Lair branch before Depths: true
     0 | D:1      | 0 ||| qw: Lair rune preference: random
     0 | D:1      | 0 ||| qw: Plans: Normal
     0 | D:1      | 0 ||| PLANNING D:1-11
    14 | D:1      | 14 ||| Stepping ~*~*~tactically~*~*~ (hiding).
   199 | D:1      | Reached XP level 2. HP: 17/17 MP: 6/6
   225 | D:1      | 225 ||| Stepping ~*~*~tactically~*~*~ (stealth).
   228 | D:1      | Reached skill level 3 in Axes
   430 | D:1      | 430 ||| DROPPING +0 club.
   431 | D:1      | 431 ||| Stepping ~*~*~tactically~*~*~ (stealth).
   432 | D:1      | 432 ||| Stepping ~*~*~tactically~*~*~ (stealth).
   433 | D:1      | 433 ||| Stepping ~*~*~tactically~*~*~ (stealth).
   584 | D:1      | 584 ||| Stepping ~*~*~tactically~*~*~ (hiding).
   689 | D:1      | 689 ||| Stepping ~*~*~tactically~*~*~ (hiding).
   791 | D:1      | 791 ||| Stepping ~*~*~tactically~*~*~ (hiding).
   921 | D:1      | 921 ||| Stepping ~*~*~tactically~*~*~ (stealth).
   922 | D:1      | 922 ||| Stepping ~*~*~tactically~*~*~ (stealth).
   933 | D:1      | Reached XP level 3. HP: 15/21 MP: 7/7
  1092 | D:1      | 1092 ||| DROPPING +0 mace.
  1152 | D:1      | 1152 ||| Stepping ~*~*~tactically~*~*~ (stealth).
  1153 | D:1      | 1153 ||| Stepping ~*~*~tactically~*~*~ (stealth).
  1271 | D:1      | Reached skill level 4 in Axes
  1298 | D:1      | 1298 ||| UPGRADING to +0 ring mail.
  1308 | D:1      | 1308 ||| DROPPING +0 leather armour.
  1309 | D:1      | 1309 ||| UPGRADING to +0 scale mail.
  1319 | D:1      | 1319 ||| DROPPING +0 ring mail.
  1320 | D:1      | 1320 ||| DROPPING +6 ring of intelligence.
  1321 | D:1      | 1321 ||| READING scroll labelled QONEOS GEFEM.
  1322 | D:1      | 1322 ||| DRINKING 2 white potions.
  1323 | D:1      | 1323 ||| DROPPING scroll of blinking.
  1324 | D:1      | 1324 ||| DROPPING potion of invisibility.
  1325 | D:1      | 1325 ||| Stepping randomly (stuck).
  1326 | D:1      | 1326 ||| Stepping ~*~*~tactically~*~*~ (cloud).
  1327 | D:1      | HP: 5/21 [poisoned by you (poison gas)]
  1328 | D:1      | HP: 2/21 [poisoned by you (poison gas)]
  1329 | D:1      | Succumbed to their own poison gas

Levels and vault maps discovered:
D:1:      lightli_arrival_boilingwater, layout_loops_ring

Skill      XL: |  1  2  3 |
---------------+----------+-----
Axes           | 3 4 |  4.2
Fighting       | |  2.0
Throwing       | |  1.0
Armour         | |  1.1
Dodging        | |  2.1
Spellcasting   | |  2.0
Translocations | |  2.4

Action                   || total
-------------------------++-------
Melee: Hand axe          ||    46
       Peck              ||     8
       Kick              ||     9
Throw: Boomerang         ||     7
  Use: Scroll            ||     1
       Potion            ||     1
Armor: Leather armour    ||    12
Dodge: Dodged            ||    16

Table legend:
 A = Non-vault XP
 B = Vault XP
 C = Vault XP percentage of total XP
 D = Non-vault monster count
 E = Vault monster count
 F = Vault count percentage of total count
                 A         B        C        D         E       F
            +---------+---------+-------+---------+---------+-------
      Total |      59 |       0 |   0.0 |      26 |       0 |   0.0
            +---------+---------+-------+---------+---------+-------
        D:1 |      59 |       0 |   0.0 |      26 |       0 |   0.0
            +---------+---------+-------+---------+---------+-------
